 Dungeon Crawl Stone Soup version 0.25-a0-577-ga4619f409e (webtiles) character file.

Game seed: 13208699905826195192, levelgen mode: deterministic

2579 Flugslaktarn the Cleaver (level 9, 5/82 HPs)
             Began as a Deep Dwarf Fighter on Mar 2, 2020.
             Was an Initiate of Makhleb.
             Quit the game on level 8 of the Dungeon.
             The game lasted 00:02:59 (3127 turns).

Flugslaktarn the Cleaver (Deep Dwarf Fighter)       Turns: 3127, Time: 00:02:59

Health: 5/82       AC: 14    Str: 22    XL:     9   Next: 32%
Magic:  2/2        EV:  6    Int: 10    God:    Makhleb [......]
Gold:   155        SH: 11    Dex: 12    Spells: 8/8 levels left

rFire    . . .     SeeInvis .   a - +0 war axe
rCold    . . .     Gourm    .   c - +0 kite shield
rNeg     . . .     Faith    .   v - +0 chain mail
rPois    .         Spirit   .   (no helmet)
rElec    .         Reflect  .   b - +0 cloak
rCorr    .         Harm     .   (no gloves)
MR       +....                  n - +1 pair of boots {run}
Stlth    ..........             (no amulet)
HPRegen  0.00/turn              (no ring)
MPRegen  0.08/turn              (no ring)

@: non-regenerating, quick
A: damage resistance, heal wounds, sense surroundings 2, no regeneration
a: Heal Wounds, Renounce Religion


You were on level 8 of the Dungeon.
You worshipped Makhleb.
Makhleb was noncommittal.
You were not hungry.

You visited 2 branches of the dungeon, and saw 9 of its levels.

You collected 155 gold pieces.

Inventory:

Hand Weapons
 a - a +0 war axe (weapon)
Missiles
 g - a throwing net (quivered)
Armour
 b - a +0 cloak (worn)
   (You found it on level 7 of the Dungeon)
 c - a +0 kite shield (worn)
 n - a +1 pair of boots of running (worn)
   (You found it on level 7 of the Dungeon)
 v - a +0 chain mail (worn)
   (You took it off an orc warrior on level 7 of the Dungeon)
Scrolls
 j - a scroll of magic mapping
 p - 2 scrolls of fog
 t - a scroll of teleportation
 x - a scroll of remove curse
Potions
 d - 3 potions of might
 f - a potion of invisibility
 k - a potion of ambrosia
 m - a potion of magic
 q - 5 potions of curing
 w - a potion of heal wounds
Comestibles
 e - 11 rations
 u - 6 chunks of flesh


   Skills:
 + Level 5.8 Fighting
 * Level 9.1 Axes
 + Level 7.0 Armour
 + Level 7.0 Shields
 + Level 0.0 Invocations


You had 8 spell levels left.
You didn't know any spells.
Your spell library was empty.

Dungeon Overview and Level Annotations

Branches:
Dungeon (8/15)             Temple (1/1) D:6
   Lair: D:8-11

Altars:
Ashenzari
Cheibriados
Dithmenos
Elyvilon
Fedhas
Gozag
Hepliaklqana
Kikubaaqudgha
Makhleb
Nemelex Xobeh
Okawaru
Qazlal
Ru
Sif Muna
Trog
Wu Jian
Xom
Yredelemnul
Zin
The Shining One

Annotations:
D:8 1 runed translucent door


Innate Abilities, Weirdness & Mutations

You are resistant to damage.
You can heal yourself by infusing magical energy.
You passively map the area around you.
You do not regenerate.


Message History

The nine-headed hydra bites you but does no damage.
The nine-headed hydra bites you.
You slice one of the nine-headed hydra's heads off!
The eight-headed hydra grows two more!
You slash the ten-headed hydra!
The ten-headed hydra is severely wounded.
The ten-headed hydra bites you but does no damage.
The ten-headed hydra bites you.
You block the ten-headed hydra's attack.
The ten-headed hydra bites you!
* * * LOW HITPOINT WARNING * * *
The ten-headed hydra bites you!
* * * LOW HITPOINT WARNING * * *
The ten-headed hydra bites you but does no damage. x2
The ten-headed hydra barely misses you.
You block the ten-headed hydra's attack.
The ten-headed hydra barely misses you.
You aren't carrying any items that you can evoke.
Unknown command.
Okay, then.
Are you sure you want to abandon this character and quit the game? (Confirm with "yes".)

, ##,* #.....# .....,, ,, ,,##
#. ##....##+##..# .. , , #.##.
#....#..##..##.. , #.#?. ,,
##...#......#... , ** ...###
####........+... , *
#.#D####.8###......#... * * , *
#h#u##....8###....#... ,* ,
#D##D#.8....8###...... ,,
*)[:##@...≈....8###.... *,
.|#[.###8.._≈......##.. , ,##|
}##.#..≈....8###.... * *,,,, ##
##.##8....8###...... * * , *
##.###...8###....#... ,,
*,#.####.8###......#... **
######...#####........##..
,.....##.........# .#......####
......#.#######.#....#.......#,


You could see a ten-headed hydra, a four-headed hydra and a white ugly thing.

Vanquished Creatures
  Sigmund (D:6)
  An orc warrior (D:7)
  2 ice beasts
  A sky beast (D:5)
  2 ogres (D:6)
  2 necrophages (D:7)
  2 centaurs (D:7)
  8 bullfrogs
  4 scorpions
  A howler monkey (D:6)
  A crimson imp (D:8)
  A centaur skeleton (D:8)
  An iguana (D:5)
  3 orc priests
  2 bullfrog skeletons
  A hound (D:8)
  2 jellies
  2 orc wizards
  8 worker ants
  A hound zombie (D:7)
  2 worker ant zombies
  3 gnolls (D:3)
  7 adders
  2 shadow imps (D:5)
  An ooze (D:6)
  An adder zombie (D:7)
  2 worms
  2 leopard geckos (D:5)
  22 orcs
  3 goblins
  5 hobgoblins
  10 jackals
  2 kobolds (D:2)
  2 quokkas
  A ball python (D:4)
  A ball python skeleton (D:6)
  A bat (D:1)
  7 frilled lizards
  A leopard gecko skeleton (D:4)
  4 rats
125 creatures vanquished.

Notes
Turn   | Place    | Note
-------+----------+-------------------------------------------
     0 | D:1      | Flugslaktarn the Deep Dwarf Fighter began the quest for the
                  | Orb.
     0 | D:1      | Reached XP level 1. HP: 20/20 MP: 1/1
    44 | D:1      | Reached XP level 2. HP: 25/27 MP: 2/2
    99 | D:2      | Reached skill level 3 in Axes
   111 | D:3      | Reached XP level 3. HP: 33/33 MP: 2/2
   167 | D:3      | Reached XP level 4. HP: 25/42 MP: 3/3
   278 | D:4      | Reached skill level 4 in Axes
   278 | D:4      | Reached XP level 5. HP: 43/49 MP: 3/3
   561 | D:4      | Reached XP level 6. HP: 45/56 MP: 4/4
   824 | D:5      | Entered Level 5 of the Dungeon
   824 | D:5      | Noticed a sky beast
   850 | D:5      | Killed a sky beast
   850 | D:5      | Reached skill level 5 in Axes
   936 | D:5      | Found a shattered altar of Ashenzari.
   960 | D:5      | Reached XP level 7. HP: 46/64 MP: 5/5
  1004 | D:5      | Reached skill level 5 in Armour
  1004 | D:5      | Reached skill level 5 in Shields
  1396 | D:5      | Reached skill level 6 in Axes
  1553 | D:6      | Noticed Sigmund
  1567 | D:6      | Killed Sigmund
  1607 | D:6      | Reached XP level 8. HP: 62/73 MP: 4/4
  1667 | D:6      | Reached skill level 7 in Axes
  1742 | D:6      | Reached skill level 5 in Fighting
  1769 | D:6      | Found a blossoming altar of Fedhas.
  1863 | D:6      | Found a staircase to the Ecumenical Temple.
  1875 | Temple   | Entered the Ecumenical Temple
  2298 | D:7      | Reached skill level 8 in Axes
  2324 | D:7      | Identified a +0 pair of boots of running (You found it on
                  | level 7 of the Dungeon)
  2513 | D:7      | Gained mutation: You passively map the area around you.
                  | [Deep Dwarf growth]
  2513 | D:7      | Reached XP level 9. HP: 44/81 MP: 2/2
  2902 | D:8      | Found a runed translucent door.
  2930 | D:8      | Reached skill level 9 in Axes
  2935 | D:8      | Found a burning altar of Makhleb.
  3104 | D:8      | Became a worshipper of Makhleb the Destroyer
  3112 | D:8      | Noticed a seven-headed hydra
  3113 | D:8      | Noticed a white ugly thing
  3113 | D:8      | Noticed a four-headed hydra
  3127 | D:8      | Quit the game

Levels and vault maps discovered:
D:1:      matt_arrival_spirals, layout_basic
D:2:      layout_basic, minitemple
D:3:      layout_rooms, first_ration
D:4:      layout_loops_ring, hangedman_decor_clover_reticule
D:5:      layout_gridville, basic_altar, serial_bayou_ford_a
D:6:      minmay_recursive_quarters, layout_rooms, kennysheep_little_box,
          minmay_temple_entry_mini_moons, uniq_sigmund
D:7:      layout_basic
D:8:      minmay_the_grid_four_pointed_star [minmay_the_grid_triangle_9x9_alien,
          minmay_the_grid_triangle_9x9_flanged_cone,
          minmay_the_grid_triangle_9x9_shrine,
          minmay_the_grid_triangle_9x9_subtriangle,
          minmay_the_grid_prize_diamond_cup], layout_gridville, grunt_ogre_cave,
          uniq_maurice
Temple:   compressed_dpeg_circular_temple

Skill      XL: |  1  2  3  4  5  6  7  8  9 |
---------------+----------------------------+-----
Axes           | 3 4 5 6 8 9 |  9.1
Fighting       | 3 4 5 |  5.8
Armour         | 4 5 6 7 |  7.0
Shields        | 4 5 6 7 |  7.0

Action                   |  1- 3 |  4- 6 |  7- 9 || total
-------------------------+-------+-------+-------++-------
Melee: War axe           |    61 |   184 |   279 ||   524
 Abil: Heal Wounds       |     1 |     7 |    11 ||    19
Evoke: Wand              |       |       |     4 ||     4
  Use: Scroll            |       |       |    12 ||    12
  Eat: Chunk             |       |     1 |     4 ||     5
       Ration            |       |       |     1 ||     1
Armor: Scale mail        |    38 |    87 |    51 ||   176
       Chain mail        |       |       |    48 ||    48
Dodge: Dodged            |    19 |    53 |    84 ||   156
Block: Kite shield       |    43 |   105 |   174 ||   322

Table legend:
 A = Non-vault XP
 B = Vault XP
 C = Vault XP percentage of total XP
 D = Non-vault monster count
 E = Vault monster count
 F = Vault count percentage of total count
                 A         B        C        D         E       F
            +---------+---------+-------+---------+---------+-------
      Total |    2779 |     906 |  24.6 |     115 |      10 |   8.0
            +---------+---------+-------+---------+---------+-------
        D:1 |      23 |       0 |   0.0 |      13 |       0 |   0.0
        D:2 |      17 |       0 |   0.0 |       9 |       0 |   0.0
        D:3 |     145 |       0 |   0.0 |      16 |       0 |   0.0
        D:4 |     274 |       0 |   0.0 |      17 |       0 |   0.0
        D:5 |     518 |       0 |   0.0 |      17 |       0 |   0.0
        D:6 |     598 |     731 |  55.0 |      15 |       7 |  31.8
        D:7 |    1118 |       0 |   0.0 |      25 |       0 |   0.0
        D:8 |      86 |     175 |  67.0 |       3 |       3 |  50.0
            +---------+---------+-------+---------+---------+-------
